 Dungeon Crawl Stone Soup version 0.28-a0-1555-g9ae15a6949 (webtiles) character file.

Game seed: 14608736534523804923

3269 Hasart the Insei (level 10, -24/65 HPs)
             Began as an Octopode Transmuter on Jan 18, 2022.
             Was an Initiate of Gozag.
             Annihilated by a large slime creature (39 damage)
             ... on level 7 of the Dungeon.
             The game lasted 00:15:28 (7935 turns).

Hasart the Insei (Octopode Transmuter)              Turns: 7935, Time: 00:15:29

Health: -24/65     AC:  1    Str: 10    XL:     10   Next: 0%
Magic:  0/17       EV: 18    Int: 20    God:    Gozag
Gold:   584        SH:  0    Dex: 12    Spells: 9/18 levels left

rFire   . . .      SeeInvis .     - Unarmed
rCold   . . .      Faith    .   (no shield)
rNeg    . . .      Spirit   +   (helmet restricted)
rPois   .          Reflect  .   o - amulet of guardian spirit
rElec   .          Harm     .   q - +4 ring of evasion
rCorr   .          Rampage  .   (no ring)
Will    .....                   (no ring)
Stlth   ++........              (no ring)
HPRegen 0.20/turn               (no ring)
MPRegen 0.15/turn               (no ring)
                                (no ring)
                                (no ring)

@: no status effects
A: almost no armour, amphibious, 8 rings, camouflage 1, gelatinous body 1,
(nimble swimmer 1), tentacles
a: Renounce Religion, Potion Petition, Call Merchant, Bribe Branch


You were on level 7 of the Dungeon.
You worshipped Gozag.
Gozag was pleased with you.
You visited 2 branches of the dungeon, and saw 8 of its levels.

You collected 812 gold pieces.
You spent 109 gold pieces at shops.
You paid 119 gold pieces to Gozag.

Inventory:

Missiles
 b - 6 poisoned darts
 d - 3 javelins
 s - a throwing net
Armour
 f - a +1 tower shield of resistance
Jewellery
 j - a ring of ice
 l - a +4 ring of evasion
 o - an amulet of guardian spirit (around mantle)
 q - a +4 ring of evasion (left tentacle)
Wands
 i - a wand of charming (4)
 k - a wand of polymorph (6)
Scrolls
 e - 9 scrolls of identify
 g - 4 scrolls of teleportation
Potions
 a - a potion of attraction
 c - 3 potions of might {unknown}
 h - a potion of brilliance {unknown}
 m - a potion of flight {unknown}
 n - a potion of degeneration {unknown}
 p - 2 potions of heal wounds
 t - a potion of invisibility {unknown}
 u - a potion of resistance {unknown}
 v - a potion of mutation {unknown}
 w - 2 potions of curing {unknown}


   Skills:
 + Level 4.6 Fighting
 + Level 4.3 Throwing
 + Level 5.1 Dodging
 * Level 7.5 Unarmed Combat
 + Level 4.8 Spellcasting
 + Level 5.0 Transmutations
 + Level 2.9 Ice Magic
 + Level 5.1 Poison Magic


You had 9 spell levels left.
You knew the following spells:

 Your Spells              Type           Power      Damage    Failure   Level
b - Wereblood             Tmut           24%        N/A       2%          2
c - Spider Form           Tmut/Pois      25%        N/A       4%          3
d - Ice Form              Ice/Tmut       20%        N/A       22%         4

Your spell library contained the following spells:

 Spells                   Type           Power      Damage    Failure   Level
 Beastly Appendage        Tmut           48%        N/A       1%          1
 Passwall                 Tmut/Erth      11%        N/A       6%          2
 Ensorcelled Hibernation  Hex/Ice        20%        N/A       10%         2
 Ozocubu's Armour         Ice            16%        N/A       11%         3
 Magic Dart               Conj           16%        1d3       12%         1
 Sandblast                Erth           8%         2d5       12%         1
 Call Imp                 Summ           4%         N/A       19%         2
 Mephitic Cloud           Conj/Pois/Air  11%        N/A       19%         3
 Stone Arrow              Conj/Erth      8%         3d7       34%         3
 Swiftness                Air            4%         N/A       34%         3
 Hailstorm                Conj/Ice       10%        3d5       54%         4
 Conjure Ball Lightning   Conj/Air       2%         3x3d6     100%        6
 Simulacrum               Ice/Necr       5%         N/A       100%        6
 Ozocubu's Refrigeration  Ice            8%         4d6       100%        7
 Discord                  Hex            2%         N/A       100%        8
 Disjunction              Tloc           2%         N/A       100%        8


Dungeon Overview and Level Annotations

Branches:
Dungeon (7/15)             Temple (1/1) D:6

Altars:
Ashenzari
Cheibriados
Dithmenos
Elyvilon
Fedhas
Gozag
Hepliaklqana
Kikubaaqudgha
Makhleb
Nemelex Xobeh
Okawaru
Qazlal
Ru
Sif Muna
Trog
Vehumet
Wu Jian
Xom
Yredelemnul
Zin
The Shining One

Shops:
D:4 ?*

Annotations:
D:3 Natasha, Sigmund
D:4 1 runed translucent door, Crazy Yiuf


Innate Abilities, Weirdness & Mutations

You cannot wear most types of armour.
You are amphibious.
You can wear up to eight rings at the same time.
Your skin changes colour to match your surroundings (Stealth+).
Your rubbery body absorbs attacks. (AC +1, EV +1)
((You are camouflaged when in or above water. (Stealth+)))
You have tentacles for arms and can constrict up to eight enemies at once.


Message History

The large slime creature barely misses you.
You completely miss the slime creature.
The slime creature is lightly wounded.
The large slime creature completely misses you.
The slime creature completely misses you.
You bite the slime creature!
The slime creature is moderately wounded.
The large slime creature hits you!! The slime creature closely misses you.
Unknown command.
Okay, then.
Aiming: Charm
Press: ? - help, Shift-Dir - straight line, f - large slime creature
Aim: a large slime creature (moderately wounded, very poisoned, chance to affect: 31%)
The large slime creature easily resists.
The large slime creature barely misses you.
The slime creature closely misses you.
Aiming: Charm
Press: ? - help, Shift-Dir - straight line, f/p - large slime creature
Aim: a large slime creature (moderately wounded, very poisoned, chance to affect: 31%)
The large slime creature easily resists.
Your transformation has ended.
Your primal bloodlust has ended.
The large slime creature closely misses you.
The slime creature hits you!
Unknown command.
Aiming: Charm
Press: ? - help, Shift-Dir - straight line, f/p - large slime creature
Aim: a large slime creature (moderately wounded, poisoned, chance to affect: 31%)
The large slime creature easily resists.
The large slime creature hits you!
* * * LOW HITPOINT WARNING * * *
The slime creature closely misses you.
Unknown command.
Aiming: Charm
Press: ? - help, Shift-Dir - straight line, f/p - large slime creature
Aim: a large slime creature (moderately wounded, poisoned, chance to affect: 31%)
The large slime creature easily resists.
The large slime creature hits you!!!
Ouch! That really hurt!
You die...
Your body crumbles into a pile of gold.

.#.#.#..#.............##
.#.#....#.####.#.##...#
.#......#.#....#.##...#
...##...#.#....#.##...########
..............................
...##...#.#....#)###..#######.
................)))..##
..###...#.####.#J###.# ..#
#.>.#.# #.#@# #.# ..# ##....#
#.#J###.# .##
#..#.####.#.....########.# ..
.....#......................
.#####..#.####.#.###.##........
.# .....# ..........#.#######
##..#......#####.##.#
##.#......# #.##.# . .......#
#.##.#


You could see a large slime creature (poisoned) and a slime creature.

Vanquished Creatures
  Pikel (D:5)
  Grinder (D:5)
  Edmund (D:5)
  A water moccasin (D:6)
  An orc warrior (D:7)
  A sky beast (D:5)
  A necrophage (D:5)
  2 black bears
  2 ogres
  3 centaurs
  4 bullfrogs
  A wyvern zombie (D:7)
  3 scorpions
  A water moccasin zombie (D:5)
  A water moccasin skeleton (D:5)
  3 killer bees (D:7)
  A bullfrog zombie (D:5)
  4 hounds
  2 centaur zombies
  A jelly (D:6)
  4 orc priests
  A bullfrog skeleton (D:5)
  An iguana (D:5)
  2 orc wizards (D:7)
  Ijyb (D:4)
  A killer bee zombie (D:7)
  Robin (D:4)
  8 adders
  10 river rats (D:6)
  A white imp (D:7)
  An ufetubus (D:4)
  A worm (D:2)
  9 orcs
  3 bats
  8 endoplasms
  3 giant cockroaches
  14 goblins
  5 hobgoblins
  9 quokkas
  6 ball pythons
  3 frilled lizards
  5 kobolds
  A quokka skeleton (D:4)
  19 rats
152 creatures vanquished.

Notes
Turn   | Place    | Note
-------+----------+-------------------------------------------
     0 | D:1      | Hasart the Octopode Transmuter began the quest for the Orb.
     0 | D:1      | Reached XP level 1. HP: 13/13 MP: 3/3
   117 | D:1      | Reached XP level 2. HP: 17/18 MP: 5/5
   120 | D:1      | Learned a level 2 spell: Wereblood
   164 | D:1      | Found a faded altar of an unknown god.
   889 | D:1      | Reached XP level 3. HP: 23/23 MP: 6/6
   893 | D:1      | Learned a level 3 spell: Spider Form
  2026 | D:2      | Found a blossoming altar of Fedhas.
  2418 | D:2      | Reached XP level 4. HP: 15/28 MP: 7/7
  2695 | D:3      | Noticed Sigmund
  2695 | D:3      | Noticed Natasha
  2828 | D:4      | Found a runed translucent door.
  2829 | D:4      | Noticed Crazy Yiuf
  2866 | D:4      | Identified the +1 helmet of Sunlight {Harm Str+2}
  2866 | D:4      | Noticed Robin
  2915 | D:4      | Killed Robin
  3306 | D:4      | Noticed Ijyb
  3317 | D:4      | Killed Ijyb
  3318 | D:4      | Reached skill level 1 in Throwing
  3318 | D:4      | Reached skill level 4 in Unarmed Combat
  3318 | D:4      | Reached XP level 5. HP: 32/34 MP: 4/8
  3350 | D:4      | Noticed a black bear
  3366 | D:4      | Killed a black bear
  3367 | D:4      | Reached skill level 1 in Poison Magic
  3484 | D:4      | Found Caomnom's Magic Scroll Emporium.
  3499 | D:4      | Bought a scroll of teleportation for 39 gold pieces
  3511 | D:4      | Reached XP level 6. HP: 39/39 MP: 10/10
  3640 | D:4      | Found Biungoim's General Store.
  3684 | D:4      | Bought a potion of heal wounds for 70 gold pieces
  4063 | D:5      | Entered Level 5 of the Dungeon
  4108 | D:5      | Noticed Grinder
  4122 | D:5      | Killed Grinder
  4123 | D:5      | Reached skill level 5 in Unarmed Combat
  4123 | D:5      | Reached XP level 7. HP: 11/45 MP: 2/11
  4408 | D:5      | Noticed Edmund
  4434 | D:5      | Killed Edmund
  4435 | D:5      | Reached XP level 8. HP: 36/52 MP: 8/13
  5079 | D:5      | Learned a level 4 spell: Ice Form
  5099 | D:5      | Noticed Pikel
  5119 | D:5      | Killed Pikel
  5120 | D:5      | Reached skill level 6 in Unarmed Combat
  5120 | D:5      | Reached skill level 1 in Ice Magic
  5120 | D:5      | Reached XP level 9. HP: 41/58 MP: 5/15
  5665 | D:6      | Found a staircase to the Ecumenical Temple.
  5690 | Temple   | Entered the Ecumenical Temple
  5731 | Temple   | Became a worshipper of Gozag Ym Sagoz the Greedy
  6650 | D:6      | Reached skill level 7 in Unarmed Combat
  7564 | D:7      | Reached skill level 5 in Dodging
  7696 | D:7      | Reached skill level 5 in Poison Magic
  7852 | D:7      | Reached skill level 5 in Transmutations
  7852 | D:7      | Reached XP level 10. HP: 59/65 MP: 13/17
  7935 | D:7      | Annihilated by a large slime creature

Illustrated notes

Levels and vault maps discovered:
D:1:      dpeg_arrival_simpleton_b, layout_loops_ring,
          shapermc_ecumenical_altar_totnotflames, minmay_misc_feat_x,
          hangedman_feature_mirror
D:2:      minmay_wonky_spiral, layout_basic, basic_altar,
          grunt_decor_mini_mirrors
D:3:      layout_rooms, uniq_sigmund, uniq_jessica, uniq_natasha
D:4:      layout_rooms, serial_shops, nicolae_shop_advertising_works
          [nicolae_subvault_shop_adworks], nicolae_stop_n_shop_1,
          uniq_crazy_yiuf_cottage, uniq_ijyb, uniq_robin
D:5:      layout_layer_cave, nicolae_ossuary_entry_ruins, uniq_pikel,
          uniq_edmund, uniq_grinder
D:6:      lemuel_ratsnest, layout_cave_pools, temple_pool_b,
          kennysheep_generic_room_13
D:7:      layout_basic, minmay_hedge_maze
Temple:   nicolae_temple_the_god_donut

Skill      XL: |  1  2  3  4  5  6  7  8  9 |
---------------+----------------------------+-----
Fighting       | 2 3 4 |  4.6
Throwing       | 1 2 3 4 |  4.3
Unarmed Combat | 4 5 6 7 |  7.5
Poison Magic   | 1 2 4 5 |  5.1
Dodging        | 3 4 5 |  5.1
Spellcasting   | 3 4 |  4.8
Transmutations | 3 4 5 |  5.0
Ice Magic      | 1 2 |  2.9

Action                   |  1- 3 |  4- 6 |  7- 9 | 10-12 || total
-------------------------+-------+-------+-------+-------++-------
Melee: Unarmed           |    95 |    78 |   297 |    12 ||   482
       Tentacles         |    20 |    18 |    11 |       ||    49
       Constrict         |    19 |    21 |     8 |       ||    48
       Punch             |     6 |     3 |     2 |       ||    11
       Kick              |     3 |     4 |       |       ||     7
 Cast: Beastly Appendage |     1 |     2 |       |       ||     3
       Wereblood         |       |     2 |     6 |     1 ||     9
       Spider Form       |       |     4 |    19 |     1 ||    24
Evoke: Wand              |       |       |       |     4 ||     4
  Use: Scroll            |       |       |     8 |       ||     8
 Stab: Sleeping          |    12 |     3 |     3 |       ||    18
       Distracted        |       |       |     1 |       ||     1
Armor: Skin              |     6 |     6 |     8 |       ||    20
Dodge: Dodged            |    43 |    57 |   296 |    18 ||   414

Table legend: (Time is in decaauts)
 A = Elapsed time spent in this place.
 B = Non-inter-level travel time spent in this place.
 C = Inter-level travel time spent in this place.
 D = Time resting spent in this place.
 E = Time spent auto-exploring this place.
 F = Levels seen in this place.
 G = Mean time per level.
                   A        B        C        D        E       F      G
               +--------+--------+--------+--------+--------+-----+--------+
         Total |   7884 |   7715 |    169 |    756 |   5612 |   8 |  985.5 |
       Dungeon |   7261 |   7132 |    129 |    756 |   5049 |   7 | 1037.3 |
        Temple |    623 |    583 |     40 |      0 |    563 |   1 |  623.0 |
               +--------+--------+--------+--------+--------+-----+--------+

Top non-repeatable levels by time:
     D:2: 1460 daAuts
     D:5: 1420 daAuts
     D:4: 1352 daAuts
     D:1: 1182 daAuts
     D:7: 973 daAuts
     D:6: 817 daAuts
  Temple: 623 daAuts
     D:3: 55 daAuts
